 Dungeon Sprint DCSS version 0.20.1-1-g8b1a95d (webtiles) character file.

800000 JustSomeDude the Warrior (level 11, -18/104 HPs)
             Began as a Demonspawn Fighter on Aug 30, 2017.
             Demolished by a bag of meat
             ... wielding a +9 war axe
              (26 damage)
             ... in the Dungeon (Sprint VIII: "Arena of Blood").
             The game lasted 00:00:24 (8 turns).

JustSomeDude the Warrior (Demonspawn Fighter)          Turns: 8, Time: 00:00:25

Health: -18/104    AC: 10    Str: 19    XL:     11   Next: 71%
Magic:  11/11      EV: 10    Int: 11    God:
Gold:   0          SH:  4    Dex: 12    Spells: 10/10 levels left

rFire    . . .     SeeInvis .   l - +∞ Axe of Woe
rCold    . . .     Gourm    .   (shield currently unavailable)
rNeg     . . .     Faith    .   b - +0 scale mail
rPois    .         Spirit   .   (no helmet)
rElec    .         Reflect  .   (no cloak)
rCorr    .         Harm     .   (no gloves)
MR       .....     NoTele   +   (no boots)
Stlth    ..........             (no amulet)
Regen    0.3/turn               (no ring)
MPRegen  0.2/turn               (no ring)

@: no status effects
A: talons 1, large bone plates 1, demonic guardian 1, foul stench 1, rot
immunity
a: no special abilities


You were in the Dungeon.
You were not hungry.

You visited 1 branch

Inventory:

Hand Weapons
 l - the +∞ Axe of Woe (weapon)
   (You found it in the Dungeon)
Armour
 b - a +0 scale mail (worn)
 c - a +0 shield
Scrolls
 k - a scroll of blinking
Potions
 d - a potion of might
 e - a potion of curing
 g - a potion of heal wounds
 h - a potion of haste
 i - 2 potions of magic
 j - a potion of berserk rage
Comestibles
 f - a bread ration


   Skills:
 + Level 15.9 Fighting
 + Level 9.1 Axes
 + Level 14.8 Armour
 + Level 14.8 Shields


You had 10 spell levels left.
You didn't know any spells.

Dungeon Overview and Level Annotations

Branches:
Dungeon (1/1)

Altars:
Makhleb


Innate Abilities, Weirdness & Mutations

You have sharp toenails.
You are partially covered in large bone plates. (SH +4)
A weak demonic guardian rushes to your aid.
You may emit foul miasma when damaged in melee.
You are immune to rotting.


Message History

Increase (S)trength, (I)ntelligence, or (D)exterity?
You feel stronger.
Your demonic ancestry asserts itself...
You begin to emit a foul stench of rot and decay.
You have reached level 7!
You have reached level 8!
You feel clever.
Your demonic ancestry asserts itself...
Your toenails lengthen and sharpen.
You have reached level 9!
Your experience leads to an increase in your attributes!
Increase (S)trength, (I)ntelligence, or (D)exterity?
You feel stronger.
You have reached level 10!
Your demonic ancestry asserts itself...
Large bone plates grow over parts of your arms.
You have reached level 11!
You hear a shout! x3
The meat berserker rages.
You hear a shout! x5
The bag of meat hits you with a +9 war axe!!
You die...

.. .. #. .# #..
..# .###..
..###.
......###...o..
....._.....
#.....# #_5@)_#
#o.o..#
....._.....
......###O.....
.###.. o.###.
#.. ..# #. .#
.. ..


You could see a meat berserker (berserk), 4 bags of meat and a friendly iron
imp.

Vanquished Creatures
  An orc (D)
1 creature vanquished.

Notes
Turn   | Place    | Note
-------+----------+-------------------------------------------
     0 | D        | JustSomeDude the Demonspawn Fighter began the quest for the Orb.
     0 | D        | Reached XP level 1. HP: 18/18 MP: 1/1
     2 | D        | Noticed a bag of meat
     2 | D        | Noticed a bag of meat
     4 | D        | Noticed a bag of meat
     4 | D        | Noticed a bag of meat
     6 | D        | Noticed a bag of meat
     6 | D        | Noticed a bag of meat
     6 | D        | Noticed a meat berserker
     8 | D        | Killed a bag of meat
     8 | D        | Reached skill level 15 in Fighting
     8 | D        | Gained mutation: A weak demonic guardian rushes to your aid. [demonic ancestry]
     8 | D        | Reached XP level 2. HP: 3/45 MP: 2/2
     8 | D        | Reached XP level 3. HP: 4/51 MP: 3/3
     8 | D        | Reached XP level 4. HP: 4/58 MP: 4/4
     8 | D        | Gained mutation: You are immune to rotting. [demonic ancestry]
     8 | D        | Reached XP level 5. HP: 5/64 MP: 5/5
     8 | D        | Gained mutation: You may emit foul miasma when damaged in melee. [demonic ancestry]
     8 | D        | Reached XP level 6. HP: 5/71 MP: 6/6
     8 | D        | Reached XP level 7. HP: 6/77 MP: 7/7
     8 | D        | Gained mutation: You have sharp toenails. [demonic ancestry]
     8 | D        | Reached XP level 8. HP: 6/85 MP: 8/8
     8 | D        | Reached XP level 9. HP: 7/91 MP: 9/9
     8 | D        | Gained mutation: You are partially covered in large bone plates. (SH +4) [demonic ancestry]
     8 | D        | Reached XP level 10. HP: 7/98 MP: 10/10
     8 | D        | Reached XP level 11. HP: 8/104 MP: 11/11
     8 | D        | Demolished by a bag of meat

Skill      XL: |  1 |
---------------+----+-----
Fighting       | 15 | 15.9
Axes           | 9 |  9.1
Armour         | 14 | 14.8
Shields        | 14 | 14.8

Action                   |  1- 3 |  4- 6 |  7- 9 | 10-12 || total
-------------------------+-------+-------+-------+-------++-------
Melee: Executioner's axe |     1 |       |       |       ||     1
